 Dungeon Crawl Stone Soup version 0.24-a0-520-g8fd06ad (webtiles) character file.

Game seed: 16049350500172418864

115 DinnerBoy7 the Grave Robber (level 4, -3/30 HPs)
             Began as a Mummy Necromancer on July 24, 2019.
             Slain by a bullfrog (9 damage)
             ... on level 3 of the Dungeon.
             The game lasted 00:11:02 (2694 turns).

DinnerBoy7 the Grave Robber (Mummy Necromancer)     Turns: 2694, Time: 00:11:02

Health: -3/30      AC:  3    Str: 11    XL:     4   Next: 68%
Magic:  4/9        EV: 12    Int: 15    God:
Gold:   254        SH:  0    Dex: 15    Spells: 1/10 levels left

rFire    x . .     SeeInvis .   o - +0 dagger
rCold    + . .     Gourm    .   (no shield)
rNeg     + + +     Faith    .   a - +0 robe
rPois    ∞         Spirit   .   (no helmet)
rElec    .         Reflect  .   e - +0 cloak (curse)
rCorr    .         Harm     .   (no gloves)
MR       .....                  (no boots)
Stlth    ++........             (no amulet)
HPRegen  0.10/turn              k - +3 ring of dexterity
MPRegen  0.11/turn              (no ring)

@: no status effects
A: no food or potions, fire vulnerability, cold resistance 1, negative energy
resistance 3, torment resistance, unbreathing
a: no special abilities


You were on level 3 of the Dungeon.
You were not hungry.

You visited 1 branch of the dungeon, and saw 3 of its levels.

You collected 254 gold pieces.

Inventory:

Hand Weapons
 o - a +0 dagger (weapon)
Missiles
 g - 5 boomerangs (quivered)
Armour
 a - a +0 robe (worn)
 e - a cursed +0 cloak (worn)
Jewellery
 k - a +3 ring of dexterity (left hand)
 p - an uncursed ring of protection from cold {unknown}
Wands
 q - a wand of random effects (9)
Scrolls
 b - 3 scrolls of teleportation {unknown}
 c - a scroll of magic mapping {unknown}
 f - a scroll of blinking {unknown}
 h - a scroll of random uselessness {unknown}
 i - a scroll of amnesia {unknown}
 j - 2 scrolls of enchant weapon {unknown}
 l - 2 scrolls of identify {unknown}
 m - a scroll of remove curse {unknown}
Potions
 d - a potion of lignification {unknown}
 n - a potion of haste {unknown}


   Skills:
 + Level 2.0 Dodging
 + Level 2.2 Stealth
 + Level 3.8 Spellcasting
 * Level 5.1 Necromancy


You had one spell level left.
You knew the following spells:

 Your Spells              Type           Power        Failure   Level  Hunger
a - Pain                  Necr           ###.         2%          1    N/A
b - Animate Dead          Necr           N/A          22%         4    N/A
c - Vampiric Draining     Necr           ###.......   7%          3    N/A
d - Animate Skeleton      Necr           N/A          2%          1    N/A

Your spell library contained the following spells:

 Spells                   Type           Power        Failure   Level  Hunger
 Regeneration             Chrm/Necr      Unusable     N/A         3    N/A

Dungeon Overview and Level Annotations

Branches:
Dungeon (3/15)

Altars:


Innate Abilities, Weirdness & Mutations

You do not eat or drink.
Your flesh is vulnerable to fire.
You are immune to poison.
Your flesh is cold resistant. (rC+)
You are immune to negative energy. (rN+++)
You are immune to unholy pain and torment.
You can survive without breathing.


Message History

The bullfrog writhes in agony.
The bullfrog closely misses you.
Your hobgoblin skeleton closely misses the bullfrog.
The bullfrog hits you.
Your hobgoblin skeleton hits the bullfrog.
The bullfrog barely misses you.
Casting: Pain (safe; 2% risk of failure)
Confirm with . or Enter, or press ? or * to list all spells.
Aiming: Pain (safe; 2% risk of failure)
Press: ? - help, Shift-Dir - straight line, f/p - bullfrog
Aim: a bullfrog (moderately wounded, chance to defeat MR: 78%)
The bullfrog writhes in agony.
The bullfrog releases a deep croak.
The bullfrog hits you.
* * * LOW HITPOINT WARNING * * *
The bullfrog hits you.
* * * LOW HITPOINT WARNING * * *
Your frilled lizard zombie bites the bullfrog.
The bullfrog hits you but does no damage.
The bullfrog hits you!
You die...

.. ...........###....#
... ............[.....
.... #................
..#.#####..#............
...........#......#.....
................#.#.....
..#....w................
.)...^..ZZ##..#.#.#.....
.......@#.##............
..###..F#.........).....
..........##............
#.###...#.##....##....##
##..#.##...###....##
#..#.##............
#..................
#..#.##...####..###
#..#.##...####.....


You could see a bullfrog, a worm, a friendly frilled lizard zombie and a
friendly hobgoblin skeleton.

Vanquished Creatures
  6 adders
  A worm (D:2)
  2 dart slugs (D:1)
  2 leopard geckos
  7 bats
  4 giant cockroaches
  2 goblins
  7 hobgoblins
  7 jackals (D:1)
  2 quokkas (D:2)
  A ball python (D:3)
  3 frilled lizards
  3 kobolds
  5 rats
52 creatures vanquished.

Vanquished Creatures (collateral kills)
  A bat (D:3)
1 creature vanquished.

Grand Total: 53 creatures vanquished

Notes
Turn   | Place    | Note
-------+----------+-------------------------------------------
     0 | D:1      | DinnerBoy7 the Mummy Necromancer began the quest for the
                  | Orb.
     0 | D:1      | Reached XP level 1. HP: 13/13 MP: 4/4
   330 | D:1      | Reached XP level 2. HP: 19/19 MP: 0/5
   901 | D:1      | Reached XP level 3. HP: 24/24 MP: 5/7
  1416 | D:2      | Reached XP level 4. HP: 30/30 MP: 4/9
  2132 | D:3      | Reached skill level 5 in Necromancy
  2174 | D:3      | Learned a level 4 spell: Animate Dead
  2178 | D:3      | Learned a level 3 spell: Vampiric Draining
  2360 | D:3      | Learned a level 1 spell: Animate Skeleton
  2678 | D:3      | Noticed a bullfrog
  2694 | D:3      | Slain by a bullfrog

Levels and vault maps discovered:
D:1:      mrwooster_arrival_statue_2, layout_basic
D:2:      layout_basic
D:3:      layout_basic, minitemple

Skill      XL: |  1  2  3  4 |
---------------+-------------+-----
Spellcasting   | 3 |  3.8
Stealth        | 2 |  2.2
Dodging        | 2 |  2.0
Necromancy     | 5 |  5.1

Action                   |  1- 3 |  4- 6 || total
-------------------------+-------+-------++-------
Melee: Dagger            |       |    11 ||    11
       Unarmed           |       |     1 ||     1
Throw: Boomerang         |    20 |    15 ||    35
 Cast: Pain              |    62 |    40 ||   102
       Animate Dead      |       |     3 ||     3
       Animate Skeleton  |       |     1 ||     1
Armor: Robe              |    19 |     7 ||    26
Dodge: Dodged            |    68 |    16 ||    84

Table legend:
 A = Non-vault XP
 B = Vault XP
 C = Vault XP percentage of total XP
 D = Non-vault monster count
 E = Vault monster count
 F = Vault count percentage of total count
                 A         B        C        D         E       F
            +---------+---------+-------+---------+---------+-------
      Total |     165 |       0 |   0.0 |      53 |       0 |   0.0
            +---------+---------+-------+---------+---------+-------
        D:1 |      43 |       0 |   0.0 |      22 |       0 |   0.0
        D:2 |      80 |       0 |   0.0 |      19 |       0 |   0.0
        D:3 |      42 |       0 |   0.0 |      12 |       0 |   0.0
            +---------+---------+-------+---------+---------+-------
